 Dungeon Crawl Stone Soup version 0.20.0-8-g6b59dc7 (webtiles) character file.

212 fht4gn the Magician (level 5, -1/29 HPs)
             Began as a Deep Elf Wizard on May 31, 2017.
             Slain by an orc priest
             ... wielding a +0 flail
              (7 damage)
             ... on level 3 of the Dungeon.
             The game lasted 00:25:28 (2943 turns).

fht4gn the Magician (Deep Elf Wizard)               Turns: 2943, Time: 00:25:28

Health: -1/29      AC:  2    Str:  5    XL:     5   Next: 58%
Magic:  3/14       EV: 13    Int: 23    God:
Gold:   133        SH:  0    Dex: 13    Spells: 6/14 levels left

rFire    . . .     SeeInvis .   g - +0 dagger
rCold    . . .     Gourm    .   (no shield)
rNeg     . . .     Faith    .   a - +0 robe
rPois    .         Spirit   .   b - +0 hat
rElec    .         Reflect  .   (no cloak)
rCorr    .         Harm     .   (no gloves)
MR       .....                  (no boots)
Stlth    +++.......             k - amulet of inaccuracy (curse)
Regen    0.1/turn               v - ring of stealth
MPRegen  0.2/turn               (no ring)

@: no status effects
A: no striking features
a: no special abilities


You were on level 3 of the Dungeon.
You were not hungry.

You visited 1 branch of the dungeon, and saw 3 of its levels.

You collected 133 gold pieces.

Inventory:

Hand Weapons
 g - a +0 dagger (weapon)
Missiles
 r - 35 arrows
Armour
 a - a +0 robe (worn)
 b - a +0 hat (worn)
 y - a +0 pair of gloves
Jewellery
 k - a cursed amulet of inaccuracy (around neck)
 v - a ring of stealth (left hand)
 w - a cursed ring of loudness {unknown}
Scrolls
 f - 6 scrolls of identify
 h - 2 scrolls of remove curse
 i - 2 scrolls of fog
 j - 2 scrolls of teleportation
 m - a scroll of recharging {unknown}
 p - a scroll of magic mapping {unknown}
 u - a scroll of amnesia {unknown}
Potions
 e - a potion of brilliance {unknown}
 l - a potion of flight {unknown}
 n - a potion of might {unknown}
 q - a potion of lignification {unknown}
 x - a potion of heal wounds {unknown}
Books
 c - a book of Minor Magic

   Spells                             Type                      Level
   a - Magic Dart                     Conjuration                  1
   b - Blink                          Translocation                2
   c - Call Imp                       Summoning                    2
   d - Slow                           Hexes                        2
   e - Conjure Flame                  Conjuration/Fire             3
   f - Mephitic Cloud                 Conjuration/Poison/Air       3
Comestibles
 d - 5 bread rations
 o - 4 chunks of flesh
 s - a royal jelly
 t - 3 fruits


   Skills:
 - Level 1.0 Fighting
 - Level 1.0 Short Blades
 + Level 3.5 Dodging
 - Level 3.0 Stealth
 + Level 5.2 Spellcasting
 + Level 2.7 Conjurations
 + Level 3.1 Hexes
   Level 1.1 Summonings
 - Level 1.1 Translocations
 + Level 0.4 Air Magic
 - Level 1.0 Poison Magic


You had 6 spell levels left.
You knew the following spells:

 Your Spells              Type           Power        Failure   Level  Hunger
a - Magic Dart            Conj           ###.         3%          1    None
b - Slow                  Hex            ###.....     3%          2    None
c - Blink                 Tloc           N/A          9%          2    None
d - Mephitic Cloud        Conj/Pois/Air  ##......     16%         3    ##.....


Dungeon Overview and Level Annotations

Branches:
Dungeon (3/15)

Altars:

Annotations:
D:1 cleared
D:2 cleared
D:3 !, Ijyb


Message History

Okay, then.
Casting: Magic Dart
Confirm with . or Enter, or press ? or * to list all spells.
Aiming: Magic Dart
Press: ? - help, Shift-Dir - straight line, f/p - orc priest
Aim: an orc priest, wielding a flail and wearing a ring mail (severely wounded)
The magic dart hits the orc priest.
The orc priest is severely wounded.
The ooze closely misses you.
The orc priest invokes the aid of Beogh against you.
You struggle to resist.
Casting: Magic Dart
Confirm with . or Enter, or press ? or * to list all spells.
Aiming: Magic Dart
Press: ? - help, Shift-Dir - straight line, f/p - orc priest
Aim: an orc priest, wielding a flail and wearing a ring mail (severely wounded)
The magic dart hits the orc priest.
The orc priest is severely wounded.
The ooze barely misses you. The orc priest hits you with a flail!
You die...

#.......#.##.#.#..
####.......#.##.#.#..
..............<......
#.......#...##.#..
#####...)............
#.............###.#.#
#...............#.#..
#...o...........#.###
#####..[@J..####...o#.###
#..................))....
#........................
#........................
#...................(.[..
#........................
#............(...........
#..................).....
#..................).....


You could see an orc priest and an ooze.

Vanquished Creatures
  An orc wizard (D:3)
  5 adders
  4 gnolls (D:2)
  2 oozes
  2 worms
  A dart slug (D:1)
  2 leopard geckos
  6 orcs (D:3)
  5 bats
  3 giant cockroaches
  12 goblins
  7 hobgoblins
  9 jackals
  2 quokkas
  A ball python (D:3)
  2 frilled lizards (D:2)
  7 kobolds
  4 rats
75 creatures vanquished.

Notes
Turn   | Place    | Note
-------+----------+-------------------------------------------
     0 | D:1      | fht4gn the Deep Elf Wizard began the quest for the Orb.
     0 | D:1      | Reached XP level 1. HP: 10/10 MP: 7/7
   217 | D:1      | Reached XP level 2. HP: 11/15 MP: 3/9
   235 | D:1      | Learned a level 2 spell: Slow
   238 | D:1      | Learned a level 2 spell: Blink
  1096 | D:2      | Reached XP level 3. HP: 18/20 MP: 3/11
  1148 | D:2      | Reached skill level 1 in Hexes
  1355 | D:2      | Reached skill level 1 in Short Blades
  1532 | D:2      | Reached XP level 4. HP: 12/24 MP: 1/12
  1873 | D:2      | Learned a level 3 spell: Mephitic Cloud
  1949 | D:3      | Reached skill level 1 in Fighting
  1974 | D:3      | Noticed Ijyb
  2247 | D:2      | Reached skill level 1 in Poison Magic
  2247 | D:2      | Reached XP level 5. HP: 29/29 MP: 3/14
  2377 | D:2      | Reached skill level 5 in Spellcasting
  2943 | D:3      | Slain by an orc priest

Skill      XL: |  1  2  3  4  5 |
---------------+----------------+-----
Dodging        | 3 |  3.5
Hexes          | 1 2 3 |  3.1
Short Blades   | 1 |  1.0
Stealth        | 3 |  3.0
Conjurations   | 2 |  2.7
Fighting       | 1 |  1.0
Poison Magic   | 1 |  1.0
Spellcasting   | 5 |  5.2
Summonings     | |  1.1
Translocations | |  1.1
Air Magic      | |  0.4

Action                   |  1- 3 |  4- 6 || total
-------------------------+-------+-------++-------
Melee: Unarmed           |     4 |       ||     4
       Dagger            |    30 |    10 ||    40
 Cast: Magic Dart        |    98 |   129 ||   227
       Slow              |     1 |     7 ||     8
  Use: Scroll            |       |     3 ||     3
 Stab: Sleeping          |     1 |     2 ||     3
  Eat: Chunk             |     2 |     4 ||     6
Armor: Robe              |    11 |     2 ||    13
Dodge: Dodged            |    58 |    25 ||    83
